[Event "9. Korbacher Open 2017"]
[Site "Korbach"]
[Date "2017.10.21"]
[Round "4"]
[White "Boehme, Jonas"]
[Black "Forgach, Andreas"]
[Result "1/2-1/2"]
[ECO "B33"]
[WhiteElo "1675"]
[BlackElo "1851"]
[Annotator "NA RC"]
[PlyCount "38"]
[EventDate "2017.??.??"]
[EventType "swiss"]
[EventCountry "GER"]
[SourceTitle "playchess.com"]
[Source "ChessBase"]
[SourceQuality "1"]
[TimeControl "40/5400+30:1800+30"]

1. e4 c5 2. Nf3 Nc6 3. d4 cxd4 4. Nxd4 Nf6 5. Nc3 e6 6. Ndb5 {[%emt 0:00:40] LiveBook: 4126 Games} Bb4 7. Bf4 e5 {[%emt 0:03:35] B45: Sicilian Four Knights} (7... Nxe4 $5 8. Nc7+ (8. Qf3 d5 9. Nc7+ Kf8 10. Nxa8 e5 11. Bd2 Nxd2 12. Qxd5 Nxf1 13. Qxd8+ Nxd8 14. O-O-O Nc6 15. Nd5 Bd2+ 16. Kb1 Nxh2 17. Rxd2 Ng4 {1-0 (47) Kononenko,D (2617)-Westerberg,J (2452) Pardubice 2015}) 8... Kf8 $11) 8. Bg5 O-O 9. Bc4 a6 10. Nd6 ({White should play} 10. Bxf6 $11 Qxf6 11. Nc7 Bxc3+ 12. bxc3) 10... Nd4 11. Nxf7 Rxf7 12. Bxf7+ Kxf7 13. f4 $146 {[%emt 0:00:31] [#]} ({Predecessor:} 13. O-O Bxc3 14. bxc3 Ne6 15. Bxf6 Qxf6 {0-1 (30) Markovic,P-Vujosevic,D (2007) Belgrade 2007}) 13... Bxc3+ (13... d6 $1 $17 14. O-O Bxc3 15. bxc3 Ne6) 14. bxc3 Ne6 15. fxe5 Nxg5 16. exf6 g6 (16... gxf6 $11 17. e5 f5) 17. h4 Ne6 18. h5 g5 $1 ({Avoid the trap} 18... Qxf6 $2 19. Rf1 $18) 19. e5 Qa5 $11 1/2-1/2

[Event "9. Korbacher Open 2017"]
[Site "Korbach"]
[Date "2017.10.21"]
[Round "4"]
[White "Naujocks, Christian"]
[Black "Basovskiy, Jana"]
[Result "0-1"]
[ECO "B40"]
[WhiteElo "1654"]
[BlackElo "1825"]
[Annotator "NA RC"]
[PlyCount "78"]
[EventDate "2017.??.??"]
[EventType "swiss"]
[EventCountry "GER"]
[SourceTitle "playchess.com"]
[Source "ChessBase"]
[SourceQuality "1"]
[TimeControl "40/5400+30:1800+30"]

1. e4 c5 2. Nf3 e6 3. d4 cxd4 4. Nxd4 Nf6 5. Nc3 Nc6 6. Be3 Bb4 7. Bd3 d5 8. Nxc6 {[%emt 0:05:31] B45: Sicilian Four Knights} bxc6 {[%emt 0:01:28] LiveBook: 54 Games} 9. Bd2 (9. e5 d4 10. exf6 dxe3 11. fxg7 exf2+ 12. Kf1 Rg8 13. Bxh7 Rxg7 14. Qxd8+ Kxd8 15. Bd3 f5 16. Kxf2 Bc5+ 17. Kf1 e5 18. h4 Be6 {½-½ (47) Plenca,J (2396)-Martinovic,S (2570) Trieste 2016}) 9... O-O 10. O-O a5 $146 ({Predecessor:} 10... Bxc3 11. Bxc3 dxe4 12. Bxf6 Qxf6 13. Bxe4 Ba6 14. Re1 Qxb2 15. Bxc6 Rac8 {0-1 (72) Mitkovski,Z (2174)-Andonovski,L (2303) Skopje 2011}) 11. Qe2 c5 12. exd5 exd5 13. b3 $2 {[%emt 0:05:11] [#]} (13. Qd1 $11) 13... Re8 $2 ({Black should try} 13... c4 $1 $19 14. bxc4 Re8) 14. Qd1 $1 {[%emt 0:00:49] [#]} Ba6 ({Black should play} 14... c4 $1 $15 15. Be2 (15. bxc4 Bg4) 15... Ba6 16. bxc4 Bxc4 17. Bxc4 dxc4) 15. a3 Bxc3 16. Bxc3 c4 17. bxc4 dxc4 18. Be2 (18. Bf5 $11) 18... Qxd1 19. Bxd1 Nd5 20. Bf3 (20. Be1 $17) 20... Nxc3 21. Bxa8 Ne2+ 22. Kh1 Rxa8 23. Rfe1 Nd4 ({Black should try} 23... c3 $19 24. Red1 Bb5) 24. Rac1 Kf8 25. Re4 Ne6 26. Rb1 Rd8 27. Re5 Nd4 (27... c3 $17 28. Rxa5 Be2) 28. Rxa5 Bc8 29. Rc5 $2 ({White must play} 29. Rd1 $15 Ke8 30. c3) 29... Nxc2 30. h4 {[%emt 0:03:10] [#]} Be6 $1 31. a4 Ra8 32. a5 Nd4 33. Rb6 Nb3 34. Rcb5 Nxa5 35. Rb1 Nb3 36. Rc6 Ke7 37. Rd1 Ra1 38. Rcd6 Rxd1+ 39. Rxd1 c3 $19 0-1

[Event "9. Korbacher Open 2017"]
[Site "Korbach"]
[Date "2017.10.21"]
[Round "4"]
[White "Simukov, Erik"]
[Black "Flach, Helene"]
[Result "1/2-1/2"]
[ECO "B23"]
[WhiteElo "1621"]
[BlackElo "1862"]
[Annotator "NA RC"]
[PlyCount "43"]
[EventDate "2017.??.??"]
[EventType "swiss"]
[EventCountry "GER"]
[SourceTitle "playchess.com"]
[Source "ChessBase"]
[SourceQuality "1"]
[TimeControl "40/5400+30:1800+30"]

1. e4 c5 2. Nc3 e6 3. Bc4 a6 4. d3 {[%emt 0:00:31] B20: Sicilian: Unusual White 2nd moves} (4. a4 Nc6 5. Nf3 Nf6 6. Qe2 Nd4 7. Nxd4 cxd4 8. Nd1 d5 9. exd5 Nxd5 10. O-O Be7 11. f4 O-O 12. d3 b6 13. f5 Nc7 14. fxe6 Bxe6 {0-1 (32) Stanca,A (2253)-Szabo,G (2546) Slanic Moldova 2011}) 4... b5 {[%emt 0:00:29] LiveBook: 4 Games} 5. Bb3 Bb7 6. a3 Nc6 7. Nge2 $146 ({Predecessor:} 7. f4 d6 8. Nf3 Qc7 9. O-O Nf6 10. Qe1 Be7 11. f5 e5 {½-½ (46) Parpinel,M (1860)-Romieu,J (1962) Arette 2004}) 7... g6 8. O-O Bg7 9. f4 Nge7 10. Qe1 O-O 11. Qf2 d6 12. Kh1 Kh8 13. h4 Qd7 14. Bd2 Rac8 15. Rae1 Nd8 16. Ng3 (16. h5 $1 $11) 16... f5 17. h5 Kg8 18. hxg6 hxg6 19. Qe2 Kf7 20. exf5 Rh8+ 21. Kg1 gxf5 $17 (21... Nxf5 $19 22. Nxf5 gxf5) 22. Nd1 1/2-1/2

[Event "9. Korbacher Open 2017"]
[Site "Korbach"]
[Date "2017.10.21"]
[Round "5"]
[White "Stork, Oliver"]
[Black "Maar, Samuel"]
[Result "1-0"]
[ECO "A15"]
[WhiteElo "2176"]
[BlackElo "1998"]
[Annotator "NA"]
[PlyCount "59"]
[EventDate "2017.??.??"]
[EventType "swiss"]
[EventCountry "GER"]
[SourceTitle "playchess.com"]
[Source "ChessBase"]
[SourceQuality "1"]
[TimeControl "40/5400+30:1800+30"]

1. c4 Nf6 2. g3 g6 3. Bg2 Bg7 4. Nc3 O-O 5. d3 d6 6. e4 c5 7. Nge2 Nc6 8. O-O e6 9. h3 Rb8 10. Be3 b6 11. Qd2 Bb7 12. Bh6 d5 13. Bxg7 Kxg7 14. exd5 exd5 15. Nxd5 Nxd5 16. Bxd5 Nb4 17. Bxb7 Rxb7 18. d4 b5 19. Qc3 bxc4 20. dxc5+ f6 21. Qxc4 Nd3 22. Nd4 Qc8 23. Qxd3 Rxb2 24. Rab1 Rxb1 25. Rxb1 Re8 26. Qb5 Re7 27. c6 Qxh3 28. Qc5 Re8 29. Qxa7+ Kh6 30. Qd7 1-0

[Event "9. Korbacher Open 2017"]
[Site "Korbach"]
[Date "2017.10.21"]
[Round "5"]
[White "Schmidt, Andre"]
[Black "Van Randtwijk, Mick"]
[Result "1-0"]
[ECO "E47"]
[WhiteElo "2154"]
[BlackElo "2028"]
[Annotator "NA"]
[PlyCount "99"]
[EventDate "2017.??.??"]
[EventType "swiss"]
[EventCountry "GER"]
[SourceTitle "playchess.com"]
[Source "ChessBase"]
[SourceQuality "1"]
[TimeControl "40/5400+30:1800+30"]

1. d4 Nf6 2. c4 e6 3. Nc3 Bb4 4. e3 O-O 5. Bd3 Re8 6. Nf3 d6 7. Bc2 Nbd7 8. O-O e5 9. h3 b6 10. Ne2 d5 11. a3 Bf8 12. Bb3 Bb7 13. Nc3 exd4 14. exd4 dxc4 15. Bxc4 h6 16. Qb3 Re7 17. Nh4 Qe8 18. Nf5 a6 19. Nxe7+ Bxe7 20. Re1 b5 21. Bf4 Nb6 22. Bf1 Nfd5 23. Bg3 Qd7 24. Ne4 Nf6 25. Nc5 Bxc5 26. dxc5 Nbd5 27. Rad1 Qc6 28. Qc2 Nh5 29. Rd4 g6 30. b4 a5 31. Qd2 axb4 32. axb4 Nxg3 33. fxg3 Kg7 34. Qb2 Kh7 35. Qf2 Kg7 36. Kh2 Ra4 37. Qd2 Ra8 38. Qe2 Nc3 39. Qe5+ Kg8 40. Rd3 Ne4 41. Red1 Nf6 42. Rd8+ Kg7 43. Qe7 Nh7 44. R1d7 Ng5 45. Qe5+ Qf6 46. Qxf6+ Kxf6 47. Rxa8 Bxa8 48. Rxc7 Ne6 49. Rc8 Bb7 50. Rb8 1-0

[Event "9. Korbacher Open 2017"]
[Site "Korbach"]
[Date "2017.10.21"]
[Round "5"]
[White "Andersen, Lars Christoff"]
[Black "Tschoepe, Nino"]
[Result "1/2-1/2"]
[ECO "A27"]
[WhiteElo "2107"]
[BlackElo "1978"]
[Annotator "NA"]
[PlyCount "38"]
[EventDate "2017.??.??"]
[EventType "swiss"]
[EventCountry "GER"]
[SourceTitle "playchess.com"]
[Source "ChessBase"]
[SourceQuality "1"]
[TimeControl "40/5400+30:1800+30"]

1. c4 e5 2. Nc3 Nc6 3. Nf3 Bc5 4. e3 Nf6 5. d4 exd4 6. exd4 Bb4 7. d5 Qe7+ 8. Qe2 Bxc3+ 9. bxc3 Na5 10. Qxe7+ Kxe7 11. Ba3+ d6 12. Bd3 b6 13. O-O Re8 14. Rfe1+ Kf8 15. Rxe8+ Kxe8 16. Nd4 Ba6 17. Nb5 Bxb5 18. cxb5 Kf8 19. Re1 Nxd5 1/2-1/2

[Event "9. Korbacher Open 2017"]
[Site "Korbach"]
[Date "2017.10.21"]
[Round "5"]
[White "Sanati, Charlotte"]
[Black "Hagedorn, Alfons"]
[Result "1-0"]
[ECO "D06"]
[WhiteElo "2098"]
[BlackElo "1923"]
[Annotator "NA"]
[PlyCount "74"]
[EventDate "2017.??.??"]
[EventType "swiss"]
[EventCountry "GER"]
[SourceTitle "playchess.com"]
[Source "ChessBase"]
[SourceQuality "1"]
[TimeControl "40/5400+30:1800+30"]

1. d4 d5 2. c4 Bf5 3. Nc3 e6 4. Nf3 Nf6 5. Qb3 Nc6 6. Bg5 dxc4 7. Qxc4 Nb4 8. O-O-O h6 9. e4 Bg4 10. Bh4 g5 11. Bg3 c6 12. h4 b5 13. Qe2 Bg7 14. hxg5 Nd7 15. Kb1 hxg5 16. Rxh8+ Bxh8 17. Qd2 a5 18. Be2 Bf6 19. Nh2 Bxe2 20. Qxe2 Qb6 21. e5 Be7 22. Qh5 Nd5 23. Ne4 Nf4 24. Bxf4 gxf4 25. Ng4 Bf8 26. Ng5 O-O-O 27. Nxf7 Be7 28. Nxd8 Qxd8 29. Qf7 Nc5 30. Kc2 Ne4 31. Qxe6+ Kb7 32. d5 cxd5 33. Qxd5+ Qxd5 34. Rxd5 Kc6 35. Rd4 Nc5 36. Rxf4 Ne6 37. Rf7 Kd5 1-0

[Event "9. Korbacher Open 2017"]
[Site "Korbach"]
[Date "2017.10.21"]
[Round "5"]
[White "Nielsen, Klaus"]
[Black "Timar-Geng, Zoltan"]
[Result "1/2-1/2"]
[ECO "C54"]
[WhiteElo "2092"]
[BlackElo "1859"]
[Annotator "NA"]
[PlyCount "81"]
[EventDate "2017.??.??"]
[EventType "swiss"]
[EventCountry "GER"]
[SourceTitle "playchess.com"]
[Source "ChessBase"]
[SourceQuality "1"]
[TimeControl "40/5400+30:1800+30"]

1. e4 e5 2. Nf3 Nc6 3. Bc4 Bc5 4. c3 Nf6 5. d4 exd4 6. cxd4 Bb4+ 7. Bd2 Bxd2+ 8. Nbxd2 d5 9. exd5 Nxd5 10. O-O O-O 11. Ne4 Bg4 12. h3 Bh5 13. Ng3 Bxf3 14. Qxf3 Nb6 15. Bd3 Qxd4 16. Rad1 Qxb2 17. Bb1 Qf6 18. Qd3 Qg6 19. Nf5 Rae8 20. Rfe1 Kh8 21. Re3 Rxe3 22. Qxe3 Qe6 23. Qc3 Qe5 24. Qd3 g6 25. Qa3 Re8 26. Nh6 Kg7 27. Ng4 Qe7 28. Qc3+ f6 29. Qd2 Kh8 30. Bxg6 Rd8 31. Bd3 Nc4 32. Qc2 N4e5 33. Bf5 Rxd1+ 34. Qxd1 Nxg4 35. hxg4 Ne5 36. Qb3 c5 37. Qd5 Nc6 38. Be4 Kg7 39. Qf5 Kh8 40. Qc8+ Nd8 41. Bxb7 1/2-1/2

[Event "9. Korbacher Open 2017"]
[Site "Korbach"]
[Date "2017.10.21"]
[Round "5"]
[White "Braun, Ingram"]
[Black "Heinemann, Ernst"]
[Result "0-1"]
[ECO "B12"]
[WhiteElo "2042"]
[BlackElo "2099"]
[Annotator "NA"]
[PlyCount "116"]
[EventDate "2017.??.??"]
[EventType "swiss"]
[EventCountry "GER"]
[SourceTitle "playchess.com"]
[Source "ChessBase"]
[SourceQuality "1"]
[TimeControl "40/5400+30:1800+30"]

1. e4 c6 2. d4 d5 3. e5 g6 4. Nf3 Bg4 5. Be2 e6 6. O-O Bxf3 7. Bxf3 Nd7 8. Be3 Ne7 9. Nd2 Nf5 10. c4 Nxe3 11. fxe3 Bh6 12. Qe2 O-O 13. Rae1 Rc8 14. b3 b6 15. e4 Qg5 16. Rf2 Qxd2 17. Qxd2 Bxd2 18. Rxd2 dxc4 19. bxc4 c5 20. d5 Nxe5 21. Be2 Rcd8 22. Red1 exd5 23. Rxd5 Rxd5 24. Rxd5 f6 25. a4 Rf7 26. Rd8+ Kg7 27. Rc8 Rd7 28. a5 h5 29. Kf1 Kf7 30. Ke1 Ke7 31. axb6 axb6 32. Rb8 Rd4 33. Rxb6 Rxe4 34. Rb5 Nc6 35. Rb7+ Kd6 36. Kf2 Re7 37. Rb6 Kc7 38. Ra6 Kb7 39. Ra2 Nd4 40. Bd3 g5 41. Rb2+ Kc7 42. Ra2 Kd6 43. Ra8 h4 44. Rd8+ Rd7 45. Rf8 Ke7 46. Rc8 Kd6 47. Rf8 Ke5 48. Re8+ Ne6 49. Be4 Rd8 50. Re7 Kd6 51. Rf7 Rf8 52. Ra7 f5 53. Bd5 Nf4 54. Ra8 Nd3+ 55. Ke3 Rxa8 56. Bxa8 Ne5 57. Bd5 Ng4+ 58. Kd3 Nxh2 0-1

[Event "9. Korbacher Open 2017"]
[Site "Korbach"]
[Date "2017.10.21"]
[Round "5"]
[White "Schmidt, Matthias"]
[Black "Plaza Reino, Mercedes"]
[Result "1-0"]
[ECO "B20"]
[WhiteElo "2031"]
[BlackElo "1822"]
[Annotator "NA"]
[PlyCount "73"]
[EventDate "2017.??.??"]
[EventType "swiss"]
[EventCountry "GER"]
[SourceTitle "playchess.com"]
[Source "ChessBase"]
[SourceQuality "1"]
[TimeControl "40/5400+30:1800+30"]

1. e4 c5 2. b3 e6 3. Nc3 a6 4. Bb2 d6 5. f4 b5 6. Nf3 Bb7 7. d3 Nd7 8. Qe2 Nb6 9. g3 d5 10. exd5 Nxd5 11. Nxd5 Bxd5 12. Bg2 Nf6 13. c4 Bb7 14. O-O Be7 15. f5 O-O 16. fxe6 fxe6 17. Qxe6+ Kh8 18. Ne5 Bxg2 19. Kxg2 Qe8 20. Nc6 Bd8 21. Qxe8 Rxe8 22. Nxd8 Re2+ 23. Rf2 Rxf2+ 24. Kxf2 Rxd8 25. Bxf6 gxf6 26. Ke3 Kg7 27. cxb5 axb5 28. a4 bxa4 29. bxa4 Ra8 30. a5 Kf7 31. a6 Ke6 32. Ke4 Ra7 33. Ra5 Kf7 34. Kd5 Ke7 35. Kxc5 Kd8 36. Kb6 Rd7 37. a7 1-0

[Event "9. Korbacher Open 2017"]
[Site "Korbach"]
[Date "2017.10.21"]
[Round "5"]
[White "Stahnke, Thorsten"]
[Black "Goetz, Jan"]
[Result "0-1"]
[ECO "A21"]
[WhiteElo "2026"]
[BlackElo "1890"]
[Annotator "NA"]
[PlyCount "57"]
[EventDate "2017.??.??"]
[EventType "swiss"]
[EventCountry "GER"]
[SourceTitle "playchess.com"]
[Source "ChessBase"]
[SourceQuality "1"]
[TimeControl "40/5400+30:1800+30"]

1. c4 e5 2. Nc3 c5 3. g3 Nc6 4. Bg2 g6 5. Nf3 Bg7 6. O-O Nge7 7. Ne1 d6 8. Nc2 Be6 9. Ne3 O-O 10. Ned5 Qd7 11. d3 Bh3 12. Bh6 Bxg2 13. Kxg2 f5 14. Bxg7 Kxg7 15. a3 f4 16. Nxe7 Qxe7 17. Ne4 Rf7 18. Qe1 Nd4 19. Rc1 Nxe2 20. Qxe2 f3+ 21. Qxf3 Rxf3 22. Kxf3 Rd8 23. Nc3 Qg5 24. Rcd1 h5 25. h4 Qg4+ 26. Kg2 g5 27. hxg5 h4 28. Rh1 Rf8 29. Rh2 0-1

[Event "9. Korbacher Open 2017"]
[Site "Korbach"]
[Date "2017.10.21"]
[Round "5"]
[White "Rubina, Tatiana"]
[Black "Powalla, Christian"]
[Result "1-0"]
[ECO "C58"]
[WhiteElo "2022"]
[BlackElo "1816"]
[Annotator "NA"]
[PlyCount "79"]
[EventDate "2017.??.??"]
[EventType "swiss"]
[EventCountry "GER"]
[SourceTitle "playchess.com"]
[Source "ChessBase"]
[SourceQuality "1"]
[TimeControl "40/5400+30:1800+30"]

1. e4 e5 2. Nf3 Nc6 3. Bc4 Nf6 4. Ng5 d5 5. exd5 Na5 6. Bb5+ c6 7. dxc6 bxc6 8. Qf3 Rb8 9. Bxc6+ Nxc6 10. Qxc6+ Nd7 11. d3 Be7 12. Nf3 Rb6 13. Qe4 Bb7 14. Qe2 O-O 15. O-O Rg6 16. Nbd2 f5 17. Nc4 e4 18. Ne1 exd3 19. Qxd3 Be4 20. Qe2 Bc5 21. Be3 f4 22. f3 Bxe3+ 23. Nxe3 Bb7 24. Ng4 Ba6 25. Nd3 h5 26. Qe4 Qb6+ 27. Ngf2 Bb7 28. Qe2 h4 29. Kh1 Re6 30. Qd1 Ne5 31. b3 Rd8 32. Qc1 Nxf3 33. Nxf4 Rf6 34. Ng4 Rxf4 35. Qxf4 Nd2 36. Qf7+ Kh8 37. Rf5 Bxg2+ 38. Kxg2 Qf2+ 39. Nxf2 h3+ 40. Kxh3 1-0

[Event "9. Korbacher Open 2017"]
[Site "Korbach"]
[Date "2017.10.21"]
[Round "5"]
[White "Li, Zhuoling"]
[Black "Trunz, Elena"]
[Result "0-1"]
[ECO "B85"]
[WhiteElo "2007"]
[BlackElo "2127"]
[Annotator "NA"]
[PlyCount "68"]
[EventDate "2017.??.??"]
[EventType "swiss"]
[EventCountry "GER"]
[SourceTitle "playchess.com"]
[Source "ChessBase"]
[SourceQuality "1"]
[TimeControl "40/5400+30:1800+30"]

1. e4 c5 2. Nf3 d6 3. d4 cxd4 4. Nxd4 Nf6 5. Nc3 a6 6. Be2 e6 7. O-O Qc7 8. a4 b6 9. f4 Bb7 10. Bf3 Nbd7 11. Kh1 Be7 12. g4 Nc5 13. Qe2 O-O 14. g5 Ne8 15. Bg2 Rd8 16. f5 e5 17. f6 exd4 18. Nd5 Bxd5 19. exd5 gxf6 20. gxf6 Bxf6 21. Ra3 Be5 22. b4 Nd7 23. Rh3 f5 24. Qh5 Ndf6 25. Qxf5 Kh8 26. Be4 Rg8 27. Bg5 Qd7 28. Bg2 Qxf5 29. Rxf5 Rc8 30. Bxf6+ Nxf6 31. Rf2 Rc3 32. Rh4 Re3 33. Bf1 Re1 34. Rh3 Ne4 0-1

[Event "9. Korbacher Open 2017"]
[Site "Korbach"]
[Date "2017.10.21"]
[Round "5"]
[White "Lesny, Florian"]
[Black "Hild, Sebastian"]
[Result "1-0"]
[ECO "C55"]
[WhiteElo "1997"]
[BlackElo "1786"]
[Annotator "NA"]
[PlyCount "98"]
[EventDate "2017.??.??"]
[EventType "swiss"]
[EventCountry "GER"]
[SourceTitle "playchess.com"]
[Source "ChessBase"]
[SourceQuality "1"]
[TimeControl "40/5400+30:1800+30"]

1. e4 e5 2. Nf3 Nc6 3. Bc4 Nf6 4. d3 Be7 5. O-O d6 6. c3 Bg4 7. Nbd2 O-O 8. Bb3 a6 9. Re1 h6 10. Nf1 Nh7 11. h3 Bh5 12. Ng3 Bg6 13. Nh2 Kh8 14. Ng4 f5 15. exf5 Bxf5 16. Nxf5 Rxf5 17. Bc2 d5 18. d4 e4 19. f3 Bh4 20. fxe4 Bxe1 21. exf5 Bh4 22. Bf4 Nf6 23. Nxf6 Bxf6 24. Qd2 Bg5 25. Bxg5 Qxg5 26. Qd3 Qf6 27. Re1 Rf8 28. Re6 Qf7 29. f6 g6 30. Qxg6 Qxg6 31. Bxg6 Nd8 32. Re8 Kg8 33. Rxf8+ Kxf8 34. Kf2 Ne6 35. Kf3 c5 36. dxc5 Nxc5 37. Kf4 Na4 38. Ke5 Nxb2 39. Kxd5 b5 40. Kd4 Nd1 41. Bh5 Nb2 42. g4 Nc4 43. h4 Nd6 44. Ke5 Nc4+ 45. Ke6 Nd2 46. g5 hxg5 47. hxg5 Ne4 48. g6 Nxc3 49. g7+ Kg8 1-0

[Event "9. Korbacher Open 2017"]
[Site "Korbach"]
[Date "2017.10.21"]
[Round "5"]
[White "Ohst, Holger"]
[Black "Forgach, Andreas"]
[Result "1-0"]
[ECO "A15"]
[WhiteElo "1986"]
[BlackElo "1851"]
[Annotator "NA"]
[PlyCount "79"]
[EventDate "2017.??.??"]
[EventType "swiss"]
[EventCountry "GER"]
[SourceTitle "playchess.com"]
[Source "ChessBase"]
[SourceQuality "1"]
[TimeControl "40/5400+30:1800+30"]

1. c4 Nf6 2. g3 g6 3. Bg2 Bg7 4. Nc3 d6 5. d3 O-O 6. h3 e5 7. Rb1 a5 8. e4 Nc6 9. Nge2 Bd7 10. O-O Qc8 11. Kh2 Ne7 12. Be3 c6 13. Rc1 c5 14. Qd2 Nc6 15. Bh6 Nd4 16. Bxg7 Kxg7 17. f4 Nxe2 18. Qxe2 exf4 19. Rxf4 Be6 20. e5 Nh5 21. Rh4 dxe5 22. Qxe5+ f6 23. Qe3 Ra6 24. Bf3 Bf7 25. Bxh5 gxh5 26. Rf1 Rb6 27. b3 Re6 28. Re4 Qc6 29. Qf4 Rxe4 30. dxe4 Bg6 31. Nd5 Qe6 32. Nc7 Qe7 33. e5 f5 34. Nd5 Qe6 35. Re1 Rd8 36. Qf3 b5 37. Re2 bxc4 38. bxc4 Rd7 39. Qc3 a4 40. Nf4 1-0

[Event "9. Korbacher Open 2017"]
[Site "Korbach"]
[Date "2017.10.21"]
[Round "5"]
[White "Alkayas, Shadi"]
[Black "Nemetz, Markus"]
[Result "0-1"]
[ECO "B90"]
[WhiteElo "1975"]
[BlackElo "1951"]
[Annotator "NA RC"]
[PlyCount "138"]
[EventDate "2017.??.??"]
[EventType "swiss"]
[EventCountry "GER"]
[SourceTitle "playchess.com"]
[Source "ChessBase"]
[SourceQuality "1"]
[TimeControl "40/5400+30:1800+30"]

1. e4 c5 2. Nf3 d6 3. d4 cxd4 4. Nxd4 Nf6 5. Nc3 a6 6. Bc4 e6 7. Bb3 Nbd7 8. f3 {[%emt 0:06:25] B86: Sicilian Scheveningen/Najdorf: 6 Bc4, without early ...b5} (8. O-O Nc5 9. Re1 Be7 10. f4 O-O 11. e5 Ne8 12. Be3 Bd7 13. Bf2 Rc8 14. Ne4 Nxb3 15. axb3 dxe5 16. fxe5 f6 17. exf6 Nxf6 18. Bg3 Qb6 {0-1 (56) Ivanisevic,I (2638)-Cheparinov,I (2688) Minsk 2017}) 8... Nc5 9. O-O Qc7 10. Re1 Be7 11. a3 $146 ({Predecessor:} 11. Be3 b5 12. a3 O-O 13. Qd2 Bb7 14. Rad1 Nxb3 15. Nxb3 Rac8 16. Nd4 Nd7 17. Kh1 {0-1 (47) Veszpremi,A (2156)-Csolto,R (2318) Hungary 2007}) 11... Nxb3 12. Nxb3 O-O 13. Be3 b6 14. Bf2 Rd8 15. Qe2 Bb7 16. Na4 Nd7 17. Rad1 Nc5 18. Nbxc5 bxc5 19. c4 Qa5 20. Nc3 Bf6 21. Rd3 Rac8 22. Qc2 Bc6 23. Red1 Qc7 24. Bg3 Bd4+ 25. Kf1 Qb7 26. b3 h6 27. Ne2 e5 28. Nxd4 exd4 29. Rb1 Qd7 30. Rdd1 Rf8 31. Re1 Rce8 32. Rbd1 Re6 33. Rd2 Rfe8 34. Rde2 h5 35. Qd2 Qe7 36. h4 f6 37. Bf4 Kh8 38. Kf2 Qf7 39. Rh1 f5 40. g3 fxe4 41. fxe4 Bxe4 42. Rhe1 Qf5 43. Kg1 Qg4 44. Kh2 Bc6 45. Rxe6 Rxe6 46. Rxe6 Qxe6 47. Kg1 d5 48. Kf2 dxc4 49. bxc4 Qxc4 50. Qe2 Qd5 51. Qxa6 d3 52. Qc8+ Kh7 53. Qh3 Qf3+ 54. Kg1 Qd1+ 55. Qf1 Qc2 56. Qf2 Qc4 57. Be3 Qd5 58. Qh2 c4 59. Bd2 Qf3 60. Qh3 g6 61. Bc3 Qe3+ 62. Kf1 Qc1+ 63. Be1 d2 64. Qe6 Qxe1+ 65. Qxe1 dxe1=Q+ 66. Kxe1 Ba4 67. Kd2 Kg7 68. Kc3 Bb5 69. a4 Ba6 0-1

[Event "9. Korbacher Open 2017"]
[Site "Korbach"]
[Date "2017.10.21"]
[Round "5"]
[White "Van der Meiden, Dirk"]
[Black "Roeberg, Frank"]
[Result "*"]
[ECO "C47"]
[WhiteElo "1958"]
[BlackElo "2194"]
[Annotator "NA"]
[PlyCount "41"]
[EventDate "2017.??.??"]
[EventType "swiss"]
[EventCountry "GER"]
[SourceTitle "playchess.com"]
[Source "ChessBase"]
[SourceQuality "1"]
[TimeControl "40/5400+30:1800+30"]

1. e4 e5 2. Nf3 Nc6 3. Nc3 Nf6 4. d4 exd4 5. Nxd4 Bb4 6. Nxc6 bxc6 7. Bd3 O-O 8. O-O d5 9. exd5 cxd5 10. Bg5 c6 11. Na4 Bd6 12. c3 Bd7 13. Bc2 h6 14. Bh4 Re8 15. Qd3 Re4 16. Bg3 Bxg3 17. hxg3 Qe7 18. b4 Re5 19. Qd4 Re8 20. Nc5 Bc8 21. Bd3 *

[Event "9. Korbacher Open 2017"]
[Site "Korbach"]
[Date "2017.10.21"]
[Round "5"]
[White "Bluebaum, Johanna"]
[Black "Koellner, Ruben Gideon"]
[Result "0-1"]
[ECO "A41"]
[WhiteElo "1955"]
[BlackElo "2148"]
[Annotator "NA"]
[PlyCount "110"]
[EventDate "2017.??.??"]
[EventType "swiss"]
[EventCountry "GER"]
[SourceTitle "playchess.com"]
[Source "ChessBase"]
[SourceQuality "1"]
[TimeControl "40/5400+30:1800+30"]

1. d4 d6 2. Nf3 Nf6 3. c4 g6 4. Nc3 Bf5 5. Nh4 Bd7 6. e4 Bg7 7. Nf3 O-O 8. Be2 c5 9. d5 Na6 10. O-O Nc7 11. Bf4 a6 12. a4 b6 13. Nd2 Rb8 14. Qc2 b5 15. a5 bxc4 16. Nxc4 Bb5 17. Nb6 Nd7 18. Nca4 Nxb6 19. Nxb6 Na8 20. Nxa8 Rxa8 21. Rfe1 Rb8 22. Ra2 Bxe2 23. Rxe2 Rb5 24. Bd2 Qc7 25. b4 Rfb8 26. g3 R8b7 27. bxc5 Rxc5 28. Qd3 Rbb5 29. Be3 Rc3 30. Bb6 Qd7 31. Qd2 Qg4 32. Re1 Rcb3 33. Rc2 h5 34. Rc7 Bf6 35. Qe2 Rb1 36. Kg2 Rxe1 37. Qxe1 Rb3 38. Rc1 Qf3+ 39. Kg1 Rd3 40. Qf1 Qxe4 41. Rd1 Rxd1 42. Qxd1 Qc4 43. h3 Kg7 44. Kg2 Be5 45. f4 Bf6 46. Kf3 Qc3+ 47. Kg2 Qc4 48. Kf3 Kg8 49. g4 Qc3+ 50. Kg2 h4 51. Qf3 Qd2+ 52. Kf1 Bd4 53. Bd8 Bc3 54. Bxe7 Qe1+ 55. Kg2 Bd4 0-1

[Event "9. Korbacher Open 2017"]
[Site "Korbach"]
[Date "2017.10.21"]
[Round "5"]
[White "Dudink, Bas"]
[Black "Aardenburg, Piet"]
[Result "1-0"]
[ECO "D15"]
[WhiteElo "1951"]
[BlackElo "1782"]
[Annotator "NA"]
[PlyCount "82"]
[EventDate "2017.??.??"]
[EventType "swiss"]
[EventCountry "GER"]
[SourceTitle "playchess.com"]
[Source "ChessBase"]
[SourceQuality "1"]
[TimeControl "40/5400+30:1800+30"]

1. d4 d5 2. c4 c6 3. Nf3 Nf6 4. Nc3 dxc4 5. e3 b5 6. a4 b4 7. Na2 a5 8. Bxc4 e6 9. O-O Be7 10. Re1 Bb7 11. Bd2 O-O 12. Nc1 Nbd7 13. Nb3 Qc7 14. e4 h6 15. e5 Nd5 16. Qe2 N5b6 17. Bd3 Rfc8 18. Qe4 Nf8 19. Qg4 Kh8 20. Qh5 Kg8 21. Re4 Ba6 22. Bc2 f5 23. exf6 Bxf6 24. Rg4 Qf7 25. Qxh6 Be2 26. Qe3 Qh5 27. h3 Bc4 28. Nc5 Bd5 29. Qf4 Qf7 30. Re1 Nc4 31. Bc1 Rd8 32. h4 Bxf3 33. Qxf3 Bxd4 34. Nxe6 Qxf3 35. gxf3 Nxe6 36. Rxe6 Bxb2 37. Bxb2 Nxb2 38. Re7 Re8 39. Rgxg7+ Kh8 40. Rh7+ Kg8 41. Bb3+ Kf8 1-0

[Event "9. Korbacher Open 2017"]
[Site "Korbach"]
[Date "2017.10.21"]
[Round "5"]
[White "Wachsmann, Dietmar"]
[Black "Hoekstra, Peter"]
[Result "1-0"]
[ECO "C01"]
[WhiteElo "1930"]
[BlackElo "2074"]
[Annotator "NA"]
[PlyCount "67"]
[EventDate "2017.??.??"]
[EventType "swiss"]
[EventCountry "GER"]
[SourceTitle "playchess.com"]
[Source "ChessBase"]
[SourceQuality "1"]
[TimeControl "40/5400+30:1800+30"]

1. e4 e6 2. d4 d5 3. exd5 exd5 4. Nf3 Nf6 5. c4 Bb4+ 6. Nc3 O-O 7. Be2 Ne4 8. Qb3 Bxc3+ 9. bxc3 c6 10. O-O Re8 11. Re1 Qb6 12. Bd3 Bd7 13. Qc2 Na6 14. Ne5 Be6 15. f3 f6 16. Rb1 Qc7 17. fxe4 fxe5 18. exd5 cxd5 19. Bxh7+ Kh8 20. Rxe5 Bf7 21. Bf4 Rxe5 22. Bxe5 Qd7 23. Bf5 Qe7 24. Qd3 Qh4 25. Rxb7 Nc5 26. dxc5 Qe1+ 27. Qf1 Qe3+ 28. Kh1 Qxe5 29. Rxf7 Re8 30. g3 Qxc3 31. Bg6 Kg8 32. Rxa7 Rf8 33. Bf7+ Kh8 34. Qh3# 1-0